Map: Catalyst LE

Players

liquidthermy (uThermal) - Winner!

  • Race: Protoss Protoss
  • League: Grandmaster
  • Spawn Location: 5:00

Zanster

  • Race: Zerg Zerg
  • League: Master
  • Spawn Location: 11:00

Event: HomeStory Cup XVII

VOD

Have the link to the VOD?

Description

Time

  • Played on: June 29, 2018, 11:50 a.m.
  • Length: 4:45

All games in this series

Show
View Real Time Build Order
Export as new Build Order

liquidthermy Protoss - Winner!

Build Orders:  

Get SALT Encoding   

  12  0:01  Probe  
  13  0:13  Probe  
  14  0:17  Pylon  
  14  0:22  Probe  
  15  0:31  Probe  
  16  0:38  Forge  
  16  0:40  Probe  
  17  0:52  Probe  
  18  1:05  Pylon  
  18  1:08  Pylon  
  18  1:13  Probe  
  19  1:21  Assimilator  
  19  1:23  Photon Cannon  
  19  1:25  Probe  
  20  1:39  Pylon  
  20  1:41  Probe  
  20  1:45  Gateway  
  21  1:53  Assimilator, Probe  
  22  2:00  Assimilator  
  22  2:02  Photon Cannon  
  22  2:05  Probe  
  23  2:18  Probe  
  24  2:32  Cybernetics Core  
  25  2:39  Gateway  
  25  2:42  Photon Cannon  
  25  2:43  Probe  
  25  2:54  Photon Cannon  
  25  2:59  Stalker  
  25  3:09  Shield Battery  
  27  3:15  Shield Battery  
  27  3:16  Stalker  
  29  3:29  Stalker  
  31  3:37  Shield Battery  
  31  3:43  Stalker  
  31  3:47  Shield Battery  
  33  3:59  Stalker  
  35  4:09  Pylon  
  35  4:15  Stalker  
Show
View Real Time Build Order
Export as new Build Order

Zanster Zerg 

Build Orders: Hatch First, Ravager All-In 

Get SALT Encoding   

  12  0:00  Drone  
  13  0:13  Overlord  
  13  0:17  Drone  
  14  0:31  Drone x2  
  16  0:49  Hatchery  
  15  0:52  Drone  
  15  0:55  Drone  
  17  0:59  Drone  
  17  1:02  Extractor  
  17  1:15  Spawning Pool  
  16  1:18  Drone  
  16  1:23  Drone  
  18  1:35  Drone  
  19  1:48  Drone  
  20  1:59  Overlord  
  21  2:04  Roach Warren  
  21  2:06  Hatchery  
  19  2:16  Zergling x2  
  19  2:17  Queen  
  19  2:20  Zergling x2  
  23  2:28  Drone  
  24  2:33  Overlord  
  24  2:45  Roach  
  26  2:54  Roach  
  28  3:05  Roach, Ravager  
  29  3:12  Queen  
  33  3:14  Ravager  
  33  3:15  Extractor  
  33  3:17  Overlord  
  33  3:26  Ravager  
  34  3:30  Roach  
  36  3:35  Zergling x6  
  39  3:46  Queen  
  39  3:47  Drone x3  
  42  3:51  Ravager  
  43  3:56  Roach  
  43  4:07  Zergling x4  
  44  4:12  Roach  
  44  4:13  Zergling x2  
  46  4:19  Ravager  
  45  4:26  Zergling x2  
Tags
 
Add a new tag
Caveats
  • Supply blocks, unpowered buildings, or Contaminate may cause inaccurate times.
  • Supply counts are checked every 10 seconds.